Map: Oblivion Express

Players

monk

  • Race: Zerg Zerg

sTkmonk

  • Race: Terran Terran
  • Spawn Location: 0:00

VOD

Have the link to the VOD?

Description

Time

  • Played on: June 24, 2017, 9:58 a.m.
  • Length: 24:29
Show
View Real Time Build Order
Export as new Build Order

monk Zerg 

Build Orders:  

Get SALT Encoding   

  12  0:03  Infested SCV  
  13  0:12  Infested SCV  
  14  0:20  Infested SCV  
  15  1:03  Infested Command Center  
  15  1:12  Overlord  
  15  1:37  Infested SCV  
  15  1:38  Infested SCV x3  
  15  1:39  Infested SCV  
  20  1:47  Infested Refinery  
  20  1:54  Infested SCV  
  21  2:01  Infested Refinery  
  21  2:13  Infested SCV  
  22  2:26  Infested SCV  
  22  2:27  Infested Colonist Compound  
  23  2:36  Infested Barracks  
  23  2:43  Infested SCV  
  23  2:44  Infested SCV x2  
  26  2:51  Infested SCV  
  26  2:58  Anaerobic Enhancement  
  27  3:03  Infested SCV  
  28  3:19  Infested SCV  
  29  3:20  Infested SCV  
  29  3:21  Infested SCV  
  31  3:33  Overlord  
  31  3:35  Infested SCV  
  32  4:07  Infested Command Center  
  32  4:09  Infested SCV x3  
  35  4:12  Infested SCV  
  36  4:21  Infested SCV x2  
  36  4:22  Infested Refinery  
  38  4:36  Infestation Level 1  
  38  4:37  Infested SCV x2  
  40  4:43  Infested Refinery  
  40  4:51  Infested SCV x2  
  42  5:06  Overlord  
  42  5:11  Infested SCV  
  43  5:25  Overlord  
  43  5:31  Infested Engineering Bay  
  43  5:34  Infested Bunker  
  43  5:38  Infested SCV x2  
  49  5:50  Infested SCV  
  49  5:54  Infested SCV  
  49  5:56  Infested Barracks Tech Lab  
  51  6:01  Infested SCV  
  52  6:14  Infested SCV  
  52  6:15  Stukov Infantry Weapons Level 1, Infested SCV  
  54  6:21  Infested Engineering Bay  
  54  6:29  Retinal Augmentation  
  54  6:30  Infested Bunker  
  54  6:35  Infested SCV  
  54  6:36  Infested Factory  
  55  6:40  Infested SCV  
  56  6:50  Infested SCV  
  56  6:59  Regenerative Plating  
  57  7:05  Infestation Level 2  
  57  7:29  Plagued Munitions  
  61  7:32  Overlord x3  
  61  7:41  Infested Armory  
  61  7:43  Infested Bunker  
  61  7:56  Infested Bunker  
  61  8:02  Stukov Infantry Armor Level 1  
  61  8:09  Infested Bunker  
  69  8:30  Infested Bunker x2  
  69  8:39  Infested Bunker  
  73  8:47  Overlord, Stukov Vehicle and Ship Weapons Level 1  
  73  8:48  Overlord  
  73  8:51  Aggressive Incubation  
  73  9:05  Broodling Gestation  
  73  9:15  Calcified Armor  
  77  9:36  Infested Bunker  
  77  9:41  Infested Factory Tech Lab, Infested Factory  
  77  9:46  Infested Barracks  
  77  9:54  Infested Bunker  
  77  9:55  Infested Bunker  
  89  10:01  Infested Bunker  
  89  10:12  Acidic Enzymes  
  89  10:15  Stukov Infantry Weapons Level 2  
  89  10:32  Overlord x2  
  89  10:41  Infested Starport  
  89  10:59  Infested SCV  
  94  11:06  Infested Bunker  
  98  11:23  Infested Bunker  
  98  11:34  Overseer  
  98  11:38  Infestation Level 3  
  98  11:40  Overlord  
  98  11:41  Overlord, Automated Mitosis  
  98  11:45  Stukov Vehicle and Ship Weapons Level 2  
  98  11:59  Stukov Infantry Armor Level 2  
  97  12:38  Infested Siege Tank x2  
  107  12:46  Infested Bunker  
  106  12:57  Infested Siege Tank x2  
  112  13:17  Infested Bunker  
  112  13:44  Infested Siege Tank x3  
  112  13:45  Stukov Infantry Weapons Level 3  
  112  13:47  Overlord x2  
  112  13:48  Overlord  
  121  14:35  Infested Colonist Compound  
  121  14:41  Infested Siege Tank x3  
  121  14:42  Infested Siege Tank  
  129  15:10  Stukov Vehicle and Ship Weapons Level 3  
  129  15:11  Stukov Infantry Armor Level 3  
  129  15:24  Infested Bunker  
  137  15:45  Infested Siege Tank x2  
  139  16:18  Infested Siege Tank x2  
  145  16:20  Overlord x2  
  145  16:21  Infested Siege Tank  
  140  16:33  Overlord x2  
  140  16:58  Infested Bunker  
  144  17:13  Infested Bunker  
  144  17:15  Overlord x2  
  152  17:35  Infested Bunker  
  156  17:46  Infested Bunker  
  156  18:15  Infested Siege Tank  
  156  18:16  Infested Siege Tank x3  
  168  18:23  Infested Siege Tank  
  171  18:43  Infested Siege Tank  
  171  18:46  Overlord  
  171  18:47  Overlord  
  174  18:50  Stukov Vehicle and Ship Armor Level 1  
  174  18:51  Overseer  
  174  18:55  Pneumatized Carapace  
  174  19:18  Infested Siege Tank x2  
  180  19:58  Infested Siege Tank x2  
  186  20:29  Infested Siege Tank  
  187  21:04  Infested Siege Tank x2  
  193  21:20  Infested Siege Tank  
  196  21:55  Infested Siege Tank  
  181  22:51  Infested Siege Tank x2  
  181  22:52  Infested Siege Tank  
Show
View Real Time Build Order
Export as new Build Order

sTkmonk Terran 

Build Orders:  

Get SALT Encoding   

Tags
 
Add a new tag
Caveats
  • Supply blocks, unpowered buildings, or Contaminate may cause inaccurate times.
  • Supply counts are checked every 10 seconds.